 Dungeon Crawl Stone Soup version 0.19.5-1-g796a6487f8 (webtiles) character file.

8448 magog001 the Slinger (level 11, -26/108 HPs)
             Began as a Minotaur Hunter on June 19, 2023.
             Was a Priest of Nemelex Xobeh.
             Annihilated by an ettin
             ... wielding a +0 dire flail
              (28 damage)
             ... on level 10 of the Dungeon.
             The game lasted 01:15:38 (12028 turns).

magog001 the Slinger (Minotaur Hunter)             Turns: 12028, Time: 01:15:39

Health: -26/108    AC: 15    Str: 23    XL:     11   Next: 10%
Magic:  10/10      EV:  8    Int: 10    God:    Nemelex Xobeh [***...]
Gold:   564        SH:  0    Dex: 10    Spells: 0 memorised, 10 levels left

rFire  . . .     SeeInvis +     r - +3 whip (elec)
rCold  . . .     Gourm    .     c - +0 plate armour
rNeg   . . .     Faith    .     (no shield)
rPois  .         Spirit   .     (helmet restricted)
rElec  .         Reflect  .     H - +2 cloak
rCorr  .         Harm     .     h - +1 pair of gloves
MR     +....     Clarity  +     (no boots)
Stlth  ..........               (no amulet)
                                I - ring of see invisible
                                n - ring of protection from magic

@: no status effects
A: retaliatory headbutt, horns 2, talons 1, icy blue scales 1, clarity, clever
1, deformed body, robust 1, strong 1, wild magic 1
a: Triple Draw, Renounce Religion


You were on level 10 of the Dungeon.
You worshipped Nemelex Xobeh.
Nemelex Xobeh was most pleased with you.
You were not hungry.

You visited 3 branches of the dungeon, and saw 12 of its levels.

You collected 726 gold pieces.
You spent 162 gold pieces at shops.

Inventory:

Hand Weapons
 o - a +0 blowgun
 r - a +3 whip of electrocution (weapon)
 s - a +0 dagger of freezing
 A - a +2 dagger of chaos
 F - the +11 hunting sling "Nasin" {flame, rElec Int-2 Dex+7}
   (You bought it in a shop on level 4 of the Dungeon)

   It causes projectiles fired from it to burn those they strike, causing extra
   injury to most foes and up to half again as much damage against particularly
   susceptible opponents.
   It affects your intelligence (-2).
   It affects your dexterity (+7).
   It insulates you from electricity.
 L - a +0 mace of protection
 N - a +2 morningstar of protection
 T - a +0 flail of draining
Missiles
 d - 63 sling bullets
 u - 260 stones (quivered)
 w - 31 poisoned needles
 D - 8 javelins of penetration
Armour
 c - a +0 plate armour (worn)
 h - a +1 pair of gloves (worn)
 H - a +2 cloak (worn)
Jewellery
 n - a ring of protection from magic (left hand)
 y - an uncursed amulet of harm {unknown}
 I - a ring of see invisible (right hand)
 Z - an uncursed ring of ice
Wands
 q - a wand of lightning (9/15)
 v - a wand of acid (8/15)
 B - a wand of teleportation (3/9)
 O - a wand of disintegration (13/24)
 R - a wand of flame (16/48)
 S - a wand of slowing (33/48)
 U - a wand of flame (20/48)
 W - a wand of acid (9/15)
Scrolls
 a - 2 scrolls of recharging
 b - 2 scrolls of amnesia
 g - a scroll of fog
 m - 3 scrolls of magic mapping
 p - 3 scrolls of teleportation
 t - 3 scrolls of remove curse
 Q - a scroll of blinking
 X - a scroll of identify
Potions
 e - a potion of might
 i - 3 potions of flight
 C - 2 potions of cancellation {unknown}
 E - 3 potions of cure mutation
 G - a potion of ambrosia
 J - a potion of heal wounds
 K - 2 potions of curing
 M - 2 potions of lignification
 Y - a potion of resistance
Miscellaneous
 k - an ornate deck of destruction {drawn: 1}
 x - an ornate deck of destruction
 V - a crystal ball of energy
Comestibles
 f - 11 bread rations
 j - 5 meat rations
 l - 8 slices of pizza
 z - 5 fruits


   Skills:
 * Level 9.7 Fighting
 * Level 6.2 Maces & Flails
 * Level 13.0(13.4) Slings
 * Level 5.2(9.4) Throwing
 * Level 7.3 Armour
 - Level 3.4 Dodging
 - Level 0.7 Stealth
 + Level 0.1 Evocations


You had 10 spell levels left.
You didn't know any spells.

Dungeon Overview and Level Annotations

Branches:
Dungeon (10/15)            Temple (1/1) D:4            Lair (0/6) D:8
    Orc (1/2) D:10

Altars:
Ashenzari
Cheibriados
Dithmenos
Elyvilon
Fedhas
Gozag
Kikubaaqudgha
Nemelex Xobeh
Okawaru
Qazlal
Ru
Sif Muna
Uskayaw
Vehumet
Xom
Zin
The Shining One

Shops:
D:4 (


Innate Abilities, Weirdness & Mutations

You reflexively headbutt those who attack you in melee.
You have a pair of horns on your head.
You have sharp toenails.
You are partially covered in icy blue scales. (AC +2)
You possess an exceptional clarity of mind.
Your mind is acute. (Int +2)
Armour fits poorly on your strangely shaped body.
You are robust. (+10% HP)
Your muscles are strong. (Str +2)
Your spells are a little harder to cast, but a little more powerful.


Message History

The ettin is heavily wounded.
The ettin hits you with a dire flail!!! x2
* * * LOW HITPOINT WARNING * * *
The orc warrior shouts!
You hear a shout! x4
You climb upwards.
Welcome back to the Dungeon!
There is a staircase to the Orcish Mines here.
Okay, then.
The +11 hunting sling "Nasin" {flame, rElec Int-2 Dex+7} stops flaming.
You hear the crackle of electricity.
r - a +3 whip of electrocution (weapon)
You barely miss the ettin.
The ettin is heavily wounded.
The ettin hits you with a dire flail!!
* * * LOW HITPOINT WARNING * * *
The ettin hits you but does no damage.
You feel much better. The ettin hits you with a dire flail!
* * * LOW HITPOINT WARNING * * *
The ettin hits you with a dire flail!!
You die...
Your body disappears without a glow.

.#####<......###########.##.#
.............# #.##.#
.#####.......# #.##.# .#
#.......# #.##.## .# #.......#
#.#.#.## .# ####.#### #..###.###
.# #.# #.## ##... .# #.# ####
#..###.###
.########.#####.@#######...#.####
...........##..C..........#.....#
.########..##.###########^#####.#
.# #..##.# #.# ###.# .### #).##.#
#.# #.... ...# #..##.# #.# #.#.#
##)######..##.# #.# #.#.#
#.........##.###### #.# #.#.#
##.#####...../.....######.###.#.#


You could see an ettin.

Vanquished Creatures
  Fannar (D:10)
  The ghost of rsvaco the Poker, a novice TrMo of the Shining One (D:10)
  A hill giant (D:10)
  Maurice (D:8)
  A centaur zombie (D:10)
  Joseph (D:8)
  Psyche (D:8)
  2 trolls
  Grinder (D:3)
  Eustachio (D:5)
  A human (D:9)
  2 hungry ghosts (D:10)
  Duvessa (D:6)
  2 water moccasins
  2 black bears
  7 orc warriors
  3 sky beasts
  An ice beast (D:6)
  2 ogres
  2 phantoms
  A crocodile (D:8)
  A big kobold (D:8)
  6 bullfrogs
  2 wyvern skeletons (D:9)
  Dowan (D:6)
  A water moccasin skeleton (D:7)
  2 scorpions
  An electric eel (D:9)
  2 crimson imps (D:6)
  6 hounds
  A jelly (D:9)
  2 bullfrog skeletons
  4 centaur skeletons
  10 orc wizards
  5 orc priests
  2 iguanas
  8 worker ants
  A hound skeleton (D:6)
  A hound zombie (D:10)
  A worker ant zombie (D:6)
  5 gnolls
  7 adders
  5 shadow imps
  2 oozes (D:1)
  An adder skeleton (D:5)
  4 worms
  4 dart slugs
  7 leopard geckos
  37 orcs
  5 ball pythons
  6 bats
  11 giant cockroaches
  5 goblins
  9 hobgoblins
  5 jackals
  5 quokkas
  A frilled lizard (D:4)
  A jackal skeleton (D:5)
  14 kobolds
  8 rats
234 creatures vanquished.

Vanquished Creatures (others)
  An orc priest (D:10)
  A ball lightning (D:10)
  An orc (D:10)
3 creatures vanquished.

Grand Total: 237 creatures vanquished

Notes
Turn   | Place    | Note
-------+----------+-------------------------------------------
     0 | D:1      | magog001 the Minotaur Hunter began the quest for the Orb.
     0 | D:1      | Reached XP level 1. HP: 18/18 MP: 0/0
   270 | D:1      | Reached XP level 2. HP: 25/25 MP: 1/1
   533 | D:1      | Found a shattered altar of Ashenzari.
   588 | D:1      | Reached skill level 5 in Slings
  1088 | D:2      | Reached XP level 3. HP: 30/30 MP: 2/2
  1642 | D:2      | Reached XP level 4. HP: 38/38 MP: 3/3
  1646 | D:2      | Reached skill level 1 in Armour
  1917 | D:2      | Reached skill level 6 in Slings
  2334 | D:3      | Found an iron altar of Okawaru.
  2366 | D:3      | Noticed a bullfrog
  2375 | D:3      | Killed a bullfrog
  2375 | D:3      | Reached XP level 5. HP: 25/45 MP: 4/4
  2942 | D:3      | Noticed Grinder
  2980 | D:3      | Gained mutation: You are robust. (+10% HP) [potion of mutation]
  2980 | D:3      | Gained mutation: Your muscles are strong. (Str +2) [potion of mutation]
  2980 | D:3      | Gained mutation: You have sharp toenails. [potion of mutation]
  2981 | D:3      | Killed Grinder
  2981 | D:3      | Reached skill level 1 in Maces & Flails
  2981 | D:3      | Reached skill level 7 in Slings
  2981 | D:3      | Reached skill level 1 in Throwing
  2981 | D:3      | Reached XP level 6. HP: 10/57 MP: 5/5
  3832 | D:4      | Reached XP level 7. HP: 61/64 MP: 6/6
  4016 | D:4      | Found Ysiotyod's Antique Weapon Emporium.
  4038 | D:4      | Bought a bloodstained hunting sling for 162 gold pieces
  4038 | D:4      | Identified the +11 hunting sling "Nasin" {flame, rElec Int-2 Dex+7} (You bought it in a shop on level 4 of the Dungeon)
  4062 | D:4      | Found a staircase to the Ecumenical Temple.
  4818 | D:4      | Gained mutation: Your mind is acute. (Int +2) [potion of mutation]
  5035 | Temple   | Entered the Ecumenical Temple
  5042 | Temple   | Became a worshipper of Nemelex Xobeh the Trickster
  5099 | D:5      | Entered Level 5 of the Dungeon
  5099 | D:5      | Received a gift from Nemelex Xobeh
  5470 | D:5      | Noticed Eustachio
  5478 | D:5      | Killed Eustachio
  5478 | D:5      | Reached skill level 5 in Fighting
  5787 | D:6      | Reached skill level 8 in Slings
  5787 | D:6      | Reached XP level 8. HP: 74/74 MP: 7/7
  6001 | D:6      | Noticed Duvessa
  6001 | D:6      | Noticed Dowan
  6004 | D:6      | Killed Dowan
  6013 | D:6      | Killed Duvessa
  6028 | D:6      | Reached * piety under Nemelex Xobeh
  6101 | D:6      | Got a shimmering hunting sling
  6153 | D:6      | Reached skill level 9 in Slings
  6191 | D:6      | Gained mutation: Armour fits poorly on your strangely shaped body. [mutagenic meat]
  6192 | D:6      | Gained mutation: You possess an exceptional clarity of mind. [mutagenic meat]
  6193 | D:6      | Gained mutation: You are agile. (Dex +2) [mutagenic meat]
  6194 | D:6      | Gained mutation: Your spells are a little harder to cast, but a little more powerful. [mutagenic meat]
  6195 | D:6      | Gained mutation: You are partially covered in icy blue scales. (AC +2) [mutagenic meat]
  6196 | D:6      | Lost mutation: You are agile. (Dex +2) [mutagenic meat]
  6639 | D:6      | Identified the +5 hunting sling of Fimbulwinter {freeze, rF+ SInv} (You found it on level 6 of the Dungeon)
  6703 | D:7      | Found a hide-covered altar of Uskayaw.
  6895 | D:7      | Found a shimmering altar of Xom.
  6936 | D:7      | Found a blossoming altar of Fedhas.
  6938 | D:7      | Found a white marble altar of Elyvilon.
  7009 | D:7      | Reached XP level 9. HP: 82/82 MP: 8/8
  7374 | D:7      | Found a stormy altar of Qazlal.
  7374 | D:7      | Found a faded altar of an unknown god.
  7383 | D:7      | Found a faded altar of an unknown god.
  7389 | D:7      | Found a faded altar of an unknown god.
  7391 | D:7      | Found a faded altar of an unknown god.
  7879 | D:7      | Reached skill level 10 in Slings
  8062 | D:8      | Found a staircase to the Lair.
  8072 | D:8      | Reached skill level 5 in Armour
  8332 | D:8      | Noticed Maurice
  8336 | D:8      | Killed Maurice
  8591 | D:8      | Reached skill level 5 in Maces & Flails
  8593 | D:8      | Noticed Psyche
  8598 | D:8      | Killed Psyche
  8598 | D:8      | Reached skill level 11 in Slings
  8600 | D:8      | Noticed Joseph
  8616 | D:8      | Killed Joseph
  8686 | D:8      | Noticed a troll
  8690 | D:8      | Killed a troll
  8690 | D:8      | Reached XP level 10. HP: 75/94 MP: 9/9
  8781 | D:8      | Reached ** piety under Nemelex Xobeh
  9675 | D:7      | Reached skill level 12 in Slings
 10481 | D:9      | Found a snail-covered altar of Cheibriados.
 10690 | D:10     | Entered Level 10 of the Dungeon
 11310 | D:10     | Noticed rsvaco's ghost (novice TrMo)
 11327 | D:10     | Killed rsvaco's ghost
 11362 | D:10     | Reached skill level 5 in Throwing
 11503 | D:10     | Reached *** piety under Nemelex Xobeh
 11540 | D:10     | Noticed a hill giant
 11547 | D:10     | Killed a hill giant
 11589 | D:10     | Noticed Fannar
 11601 | D:10     | Killed Fannar
 11601 | D:10     | Reached skill level 13 in Slings
 11601 | D:10     | Reached XP level 11. HP: 84/108 MP: 10/10
 11808 | D:10     | Received a gift from Nemelex Xobeh
 11817 | D:10     | Found a staircase to the Orcish Mines.
 12017 | Orc:1    | Entered Level 1 of the Orcish Mines
 12017 | Orc:1    | Noticed an ettin
 12020 | Orc:1    | Noticed an orc high priest
 12027 | D:10     | HP: 3/108 [ettin/dire flail (27)]
 12028 | D:10     | Annihilated by an ettin

Skill      XL: |  1  2  3  4  5  6  7  8  9 10 |
---------------+-------------------------------+-----
Slings         | 5 6 7 8 9 11 13 | 13.0
Fighting       | 3 4 5 6 7 9 |  9.7
Armour         | 1 2 3 4 5 7 |  7.3
Maces & Flails | 1 2 3 4 5 6 |  6.2
Throwing       | 1 2 3 4 5 |  5.2
Dodging        | 3 |  3.4
Stealth        | |  0.7
Evocations     | |  0.1

Action                   |  1- 3 |  4- 6 |  7- 9 | 10-12 || total
-------------------------+-------+-------+-------+-------++-------
Melee: Whip              |       |    37 |    18 |     1 ||    56
       Kick              |       |     6 |     3 |       ||     9
       Headbutt          |       |     2 |     3 |       ||     5
 Fire: Hunting sling     |    89 |   126 |   243 |   199 ||   657
Evoke: Wand              |       |       |       |     3 ||     3
       Deck              |       |       |       |     1 ||     1
  Use: Potion            |       |     2 |     4 |     1 ||     7
       Scroll            |       |       |    15 |     7 ||    22
  Eat: Chunk             |     2 |     5 |    15 |     2 ||    24
       Pizza             |       |     1 |     1 |       ||     2
       Beef jerky        |       |       |     1 |     2 ||     3
       Royal jelly       |       |       |     1 |     1 ||     2
       Fruit             |       |       |       |     2 ||     2
       Meat ration       |       |       |       |     1 ||     1
Armor: Leather armour    |     6 |    19 |     2 |       ||    27
       Chain mail        |       |       |     7 |       ||     7
       Plate armour      |       |       |    35 |    32 ||    67
Dodge: Dodged            |    17 |    41 |    46 |    17 ||   121
